 Dungeon Crawl Stone Soup version 0.27-a0-998-g4cfe56dd59 (webtiles) character file.

Game seed: 10885481673108284782

605100 robertstho the Conqueror (level 26, -13/235 (239) HPs)
             Began as a Minotaur Hunter on Apr 16, 2021.
             Was the Champion of Okawaru.
             Killed from afar by an ancient champion (37 damage)
             ... with an iron shot
             ... summoned by an orange crystal statue
             ... on level 3 of a ziggurat.
             The game lasted 02:24:03 (69562 turns).

robertstho the Conqueror (Minotaur Hunter)         Turns: 69562, Time: 02:24:04

HP:   -13/235 (239) AC: 24    Str: 32      XL:     26   Next: 60%
MP:   0/35          EV: 17    Int: 18 (20) God:    Okawaru [******]
Gold: 7825          SH:  0    Dex: 28      Spells: 25/25 levels left

rFire    + + +     SeeInvis +   R - +6 longbow "Cienaazaa" {venom, rElec rF++ Dex+6}
rCold    + . .     Faith    .   (shield currently unavailable)
rNeg     . . .     Spirit   +   a - +1 plate armour {rF+}
rPois    +         Reflect  .   (helmet restricted)
rElec    +         Harm     .   L - scarf {repulsion}
rCorr    .         Rampage  .   S - +1 pair of gloves "Nozoenur" {+Inv Will+ Str+3 Dex+3 Stlth+}
Will     ++...                  O - +2 pair of boots {Fly}
Stlth    ..........             l - amulet of Yna Edeb {Spirit rF+ Int+4 Dex+2}
HPRegen  0.49/turn              m - ring of see invisible
MPRegen  0.24/turn              i - ring "Nefiod" {rElec rC+ Str+6 Int+6}

@: confused, lethally poisoned (-13 -> -14), ambrosia-drunk, unable to read,
flying, studying Polearms, lightly drained, repel missiles
A: horns 2, retaliatory headbutt, clever 1, deformed body, frail 1, poison
resistance, screaming 2, inability to read while threatened
}: 3/15 runes: decaying, serpentine, silver
a: Renounce Religion, Evoke Invisibility, Heroism, Finesse


You were on level 3 of a ziggurat.
You worshipped Okawaru.
Okawaru was exalted by your worship.
You visited 11 branches of the dungeon, and saw 46 of its levels.
You visited the Abyss 2 times.
You visited 1 bazaar.
You visited 1 ziggurat, and saw 3 of its levels.
You also visited: Bailey and Gauntlet.

You collected 8918 gold pieces.
You spent 1093 gold pieces at shops.

Inventory:

Hand Weapons
 t - a +3 triple sword of flaming
 v - the +9 longbow of Okawaru's Pride {venom, rN+}
   (Okawaru gifted it to you on level 4 of the Vaults)

   It poisons the ammo it fires.
   It protects you from negative energy.
 M - a +3 triple sword of holy wrath
 R - the +6 longbow "Cienaazaa" (weapon) {venom, rElec rF++ Dex+6}
   (You acquired it in a bailey)

   It poisons the ammo it fires.
   It affects your dexterity (+6).
   It greatly protects you from fire.
   It insulates you from electricity.
Missiles
 d - 1066 arrows (quivered ammo)
Armour
 a - a +1 plate armour of fire resistance (worn)
 b - the +3 pair of gloves of the Iron Devil {Rampage rC+++ Will- Stlth+}
   (Okawaru gifted it to you on level 1 of the Vaults)

   It renders you almost immune to cold.
   It bestows one free step when moving towards enemies.
   It decreases your willpower.
   It makes you more stealthy.
 k - the +1 pair of gloves of Hide-and-Seek {rPois MP+9}
   (Okawaru gifted it to you on level 4 of the Snake Pit)

   It protects you from poison.
   It affects your magic capacity (+9).
 n - the +1 chain mail of Areos {-Cast rN+++ Regen+ rCorr}
   (You found it on level 3 of the Vaults)

   It renders you almost immune to negative energy.
   It prevents spellcasting.
   It increases your rate of health regeneration.
   It protects you from acid and corrosion.
 w - a scarf of resistance
 C - a +3 chain mail of cold resistance
 L - a scarf of repulsion (worn)
 O - a +2 pair of boots of flying (worn)
 S - the +1 pair of gloves "Nozoenur" (worn) {+Inv Will+ Str+3 Dex+3 Stlth+}
   (You bought it in a shop on level 2 of the Depths)

   It affects your strength (+3).
   It affects your dexterity (+3).
   It lets you turn invisible.
   It increases your willpower.
   It makes you more stealthy.
Jewellery
 i - the ring "Nefiod" (right hand) {rElec rC+ Str+6 Int+6}
   (You found it on level 6 of the Dungeon)

   [ring of intelligence]

   It affects your strength (+6).
   It affects your intelligence (+6).
   It protects you from cold.
   It insulates you from electricity.
 l - the amulet of Yna Edeb (around neck) {Spirit rF+ Int+4 Dex+2}
   (You acquired it on level 4 of the Lair of Beasts)

   [amulet of guardian spirit]

   It causes incoming damage to be divided between your reserves of health and
   magic.
   It affects your intelligence (+4).
   It affects your dexterity (+2).
   It protects you from fire.
 m - a ring of see invisible (left hand)
 o - a ring of resist corrosion
 q - an amulet of the acrobat
 y - a ring of protection from fire
 V - a +4 ring of slaying
 Y - a ring of positive energy
 Z - the ring "Wyiwk" {rPois rF+ rC+++ Will+ Int+6}
   (You took it off a skeletal warrior on level 2 of the Depths)

   [ring of intelligence]

   It affects your intelligence (+6).
   It protects you from fire.
   It renders you almost immune to cold.
   It protects you from poison.
   It increases your willpower.
Wands
 c - a wand of digging (33)
 h - a wand of acid (19)
 A - a wand of iceblast (63)
 G - a wand of mindburst (11)
Scrolls
 j - 12 scrolls of fog
 p - 8 scrolls of blinking
 r - 2 scrolls of summoning
 u - 2 scrolls of fear
 x - 6 scrolls of enchant armour
 z - 19 scrolls of teleportation
 F - 2 scrolls of magic mapping
 I - 37 scrolls of identify
 J - 7 scrolls of immolation
 K - 11 scrolls of enchant weapon
 T - 5 scrolls of silence
 X - 2 scrolls of holy word
Potions
 e - 3 potions of cancellation
 f - 4 potions of haste
 g - 5 potions of resistance
 s - 3 potions of invisibility
 D - 2 potions of magic
 E - 6 potions of ambrosia
 H - 8 potions of curing
 P - 4 potions of berserk rage
 Q - 10 potions of might
Miscellaneous
 B - a box of beasts
 N - a tin of tremorstones (2/2)
 U - a condenser vane (inert)


   Skills:
 O Level 27 Fighting
 + Level 2.4 Long Blades
 O Level 27 Bows
 * Level 24.5 Armour
 + Level 9.2 Dodging
 + Level 4.1 Stealth
 * Level 18.3 Invocations
 + Level 1.8 Evocations


You had 25 spell levels left.
You didn't know any spells.
Your spell library contained the following spells:

 Spells                   Type           Power      Damage    Failure   Level
 Apportation              Tloc           0%         N/A       54%         1
 Beastly Appendage        Tmut           0%         N/A       54%         1
 Corona                   Hex            0%         N/A       54%         1
 Freeze                   Ice            0%         1d3       54%         1
 Magic Dart               Conj           0%         1d3       54%         1
 Sandblast                Erth           0%         2d4       54%         1
 Shock                    Conj/Air       0%         1d3       54%         1
 Blink                    Tloc           N/A        N/A       67%         2
 Call Imp                 Summ           0%         N/A       67%         2
 Corpse Rot               Necr/Air       N/A        N/A       67%         2
 Ensorcelled Hibernation  Hex/Ice        0%         N/A       67%         2
 Passwall                 Tmut/Erth      0%         N/A       67%         2
 Poisonous Vapours        Pois/Air       0%         N/A       67%         2
 Slow                     Hex            0%         N/A       67%         2
 Static Discharge         Conj/Air       0%         N/A       67%         2
 Sublimation of Blood     Necr           0%         N/A       67%         2
 Wereblood                Tmut           0%         N/A       67%         2
 Call Canine Familiar     Summ           0%         N/A       88%         3
 Confusing Touch          Hex            0%         N/A       88%         3
 Conjure Flame            Conj/Fire      0%         6-21      88%         3
 Dazzling Flash           Conj/Hex       0%         N/A       88%         3
 Frozen Ramparts          Ice            0%         1d2       88%         3
 Gell's Gravitas          Tloc           0%         N/A       88%         3
 Inner Flame              Hex/Fire       0%         N/A       88%         3
 Lesser Beckoning         Tloc           0%         N/A       88%         3
 Mephitic Cloud           Conj/Pois/Air  0%         N/A       88%         3
 Ozocubu's Armour         Ice            0%         N/A       88%         3
 Portal Projectile        Hex/Tloc       0%         N/A       88%         3
 Spider Form              Tmut/Pois      0%         N/A       88%         3
 Stone Arrow              Conj/Erth      0%         3d7       88%         3
 Swiftness                Air            0%         N/A       88%         3
 Tukima's Dance           Hex            0%         N/A       88%         3
 Vampiric Draining        Necr           0%         2d6       88%         3
 Airstrike                Air            0%         N/A       99%         4
 Animate Armour           Summ/Erth      0%         N/A       99%         4
 Cause Fear               Hex            0%         N/A       99%         4
 Dispel Undead            Necr           0%         3d6       99%         4
 Hailstorm                Conj/Ice       0%         3d3       99%         4
 Ice Form                 Ice/Tmut       0%         N/A       99%         4
 Leda's Liquefaction      Hex/Erth       0%         N/A       99%         4
 Passage of Golubria      Tloc           N/A        N/A       99%         4
 Petrify                  Tmut/Erth      0%         N/A       99%         4
 Summon Ice Beast         Ice/Summ       0%         N/A       99%         4
 Agony                    Necr           0%         N/A       100%        5
 Alistair's Intoxication  Tmut/Pois      0%         N/A       100%        5
 Bolt of Magma            Conj/Fire/Erth 0%         4d4       100%        5
 Borgnjor's Vile Clutch   Necr/Erth      0%         N/A       100%        5
 Excruciating Wounds      Necr           0%         N/A       100%        5
 Hydra Form               Tmut           0%         N/A       100%        5
 Irradiate                Conj/Tmut      0%         3d13      100%        5
 Lee's Rapid Deconstruct  Erth           0%         3d5*      100%        5
 Lightning Bolt           Conj/Air       0%         1d11      100%        5
 Metabolic Englaciation   Hex/Ice        0%         N/A       100%        5
 Silence                  Hex/Air        0%         N/A       100%        5
 Summon Forest            Summ/Tloc      0%         N/A       100%        5
 Summon Mana Viper        Hex/Summ       0%         N/A       100%        5
 Yara's Violent Unravell  Hex/Tmut       0%         3d3       100%        5
 Blade Hands              Tmut           0%         N/A       100%        6
 Eringya's Noxious Bog    Tmut/Pois      0%         N/A       100%        6
 Freezing Cloud           Conj/Ice/Air   0%         6-21      100%        6
 Invisibility             Hex            0%         N/A       100%        6
 Iron Shot                Conj/Erth      0%         9d1       100%        6
 Simulacrum               Ice/Necr       0%         N/A       100%        6
 Statue Form              Tmut/Erth      0%         N/A       100%        6
 Dragon Form              Tmut           0%         N/A       100%        7
 Ozocubu's Refrigeration  Ice            0%         4d5       100%        7
 Summon Hydra             Summ           0%         N/A       100%        7
 Borgnjor's Revivificati  Necr           0%         N/A       100%        8
 Discord                  Hex            0%         N/A       100%        8
 Ignition                 Fire           0%         3d3       100%        8
 Infestation              Necr           0%         N/A       100%        8
 Necromutation            Tmut/Necr      0%         N/A       100%        8
 Death's Door             Necr           0%         N/A       100%        9
 Shatter                  Erth           0%         3d5*      100%        9
 Tornado                  Air            0%         N/A       100%        9


Dungeon Overview and Level Annotations

Branches:
Dungeon (15/15)            Temple (1/1) D:5            Lair (6/6) D:9
  Swamp (4/4) Lair:2        Snake (4/4) Lair:2        Slime (0/5) Lair:5
    Orc (2/2) D:9             Elf (3/3) Orc:2        Vaults (5/5) D:13
  Crypt (3/3) Vaults:2       Tomb (1/3) Crypt:3      Depths (2/5) D:15
 Bailey (visited)         Gauntlet (visited)

Altars:
Ashenzari
Cheibriados
Dithmenos
Fedhas
Gozag
Hepliaklqana
Kikubaaqudgha
Makhleb
Nemelex Xobeh
Okawaru
Qazlal
Ru
Sif Muna
Trog
Uskayaw
Vehumet
Wu Jian
Xom
Yredelemnul
Zin
The Shining One
Beogh

Shops:
D:9 !   Orc:2 *(:(   Snake:1 (   Vaults:1 :   Depths:2 [[

Portals:
Hell: Depths:1 Depths:2
Trove: D:11 (give 12 potions of heal wounds)

Annotations:
D:4 Dowan, Duvessa
Snake:4 Vashnia
Depths:2 2 transporters
Zig:3 exclusions: ice statue, obsidian statue and 2 orange crystal statues


Innate Abilities, Weirdness & Mutations

You have a pair of horns on your head.
You reflexively headbutt those who attack you in melee.
Your mind is acute. (Int +2)
Armour fits poorly on your strangely shaped body.
You are frail. (-10% HP)
Your system is resistant to poisons. (rPois)
You frequently scream uncontrollably at your foes.
You sometimes lose the ability to read scrolls when taking damage.


Message History

You writhe in agony.
* * * LOW HITPOINT WARNING * * *
The ghoul is engulfed in blazing flames.
You destroy the ghoul!
The ghoul's corpse dissolves into shadows!
The skeletal warrior is engulfed in blazing flames.
The vampire knight is engulfed in blazing flames.
The vampire knight is lost in a daze.
The ancient champion is engulfed in blazing flames.
The ancient champion misses you.
The quasit is engulfed in blazing flames.
The orange crystal statue is engulfed in blazing flames.
The orange crystal statue fixes its piercing gaze on you.
Something tries to feed on your intellect!
The ice statue is engulfed in blazing flames.
The ice statue gestures at you.
You hear a sizzling sound!
The obsidian statue is engulfed in blazing flames.
The obsidian statue's eyes glow briefly.
The obsidian statue attempts to bespell you!
You resist with almost no effort.
The ghoul is engulfed in blazing flames.
The ghoul claws you but does no damage. The ghoul misses you.
The phantasmal warrior is engulfed in blazing flames.
The ice beast is engulfed in blazing flames.
You kill the ice beast!
The skeletal warrior is engulfed in blazing flames.
The shadow wraith is engulfed in blazing flames.
You feel sick.
The ancient champion gestures wildly while chanting.
The ancient champion seems to speed up.
The skeletal warrior is engulfed in blazing flames. x2
The skeletal warrior hits you from afar with a +0 glaive!
* * * LOW HITPOINT WARNING * * *
The vampire knight draws life force from you!
* * * LOW HITPOINT WARNING * * *
The vampire knight is healed by the life force!
The ancient champion gestures at you while chanting.
The iron shot hits you!!!
You die...

▓▓▓▓▓▓
▓§§§.§§
▓▓zz84.58
▓▓Wz§§§§§§
▓§@nW§§zW5
▓▓§Vz§§☼§z
▓▓§§8§§§8
▓§§§.§§
▓▓▓▓▓▓


You could see a ghoul (summoned, dazed), an ice statue, a vampire knight (fast,
dazed), 2 orange crystal statues, an obsidian statue, 2 ancient champions, 4
skeletal warriors, a shadow wraith (summoned, invisible), 2 phantasmal warriors,
a red devil (summoned), a quasit (summoned) and a crimson imp (summoned).

Vanquished Creatures
  3 dread liches
  An ancient lich (Vaults:5)
  2 royal mummies
  the Lernaean hydra (Swamp:4)
  Saint Roka (Depths:2)
  Margery (Depths:2)
  Nikola (Swamp:3)
  Jory (Crypt:1)
  2 tentacled monstrosities (Vaults:5)
  4 liches
  Rupert (D:15)
  The ghost of MeatMancer the Executioner, an adept HOMo of Beogh (Swamp:1)
  5 titans (Vaults:5)
  2 deep elf blademasters
  2 deep elf master archers (Elf:3)
  13 sphinxes
  5 ancient champions
  5 tentacled starspawn (Abyss:2)
  4 shadow dragons
  3 tengu reavers
  Donald (Elf:1)
  Kirke (D:15)
  The ghost of GEC the Necromancer, an adept DsNe of Qazlal (Snake:3)
  Agnes (Elf:2)
  A revenant (Crypt:2)
  4 frost giants
  6 fire giants
  4 deep elf sorcerers
  2 iron dragons (Vaults:5)
  4 nagarajas
  15 vault wardens
  Aizul (Snake:2)
  4 orc warlords
  9 ghouls
  6 deep elf elementalists (Elf:3)
  Louise (D:15)
  12 ironbound preservers
  2 curse skulls (Crypt:3)
  4 war gargoyles (Vaults:5)
  13 stone giants
  A reaper (Crypt:3)
  19 very ugly things
  8 deep elf demonologists
  6 vampire knights
  2 green draconians (Swamp:4)
  A lorocyproca (Abyss:2)
  5 entropy weavers
  8 deep elf annihilators
  6 bunyips
  A red draconian (Abyss:2)
  A spark wasp (Depths:2)
  A minotaur (Gauntlet)
  6 dire elephants
  The ghost of Devyomi the Protected, a journeyman GrBe of Trog (Lair:5)
  5 salamander tyrants
  13 eidola
  4 eleionomae
  10 deep elf death magi
  A green death (Abyss:2)
  8 ettins
  11 mummy priests
  8 yaktaur captains
  7 great orbs of eyes
  4 deep elf high priests
  3 fire dragons
  8 jiangshi
  2 rakshasas
  24 hydras
  4 ice dragons (Depths:2)
  7 ironbound thunderhulks
  41 vault guards
  3 ogre magi
  15 naga warriors
  Erolcha (Orc:2)
  3 spriggan air magi (Depths:2)
  A fenstrider witch zombie (Crypt:2)
  4 boulder beetles
  A quicksilver dragon skeleton (Crypt:3)
  5 centaur warriors
  A ghost crab (Swamp:2)
  Erica (D:8)
  11 ironbound frosthearts
  2 two-headed ogres
  12 alligators
  7 anacondas
  23 death scarabs
  4 deep troll shamans
  20 death yaks
  21 dancing weapons
  A death yak (shapeshifter) (Vaults:5)
  6 tengu warriors
  7 ironbound beastmasters
  5 deep troll earth magi
  12 vampire magi
  5 spriggan berserkers (Depths:2)
  Urug (Lair:3)
  4 thrashing horrors (Abyss:2)
  3 orc high priests (Vaults:3)
  8 shock serpents
  A storm dragon zombie (Crypt:3)
  8 soul eaters
  14 naga sharpshooters
  7 hell knights
  Nergalle (D:12)
  30 deep elf knights
  A sixfirhy (Abyss:2)
  6 wretched stars (Abyss:2)
  28 skeletal warriors
  6 iron trolls
  2 shadow wraiths
  An iron giant zombie (Crypt:1)
  A death drake (Swamp:2)
  7 salamander mystics
  5 goliath frogs
  An anaconda zombie (Tomb:1)
  32 deep trolls
  7 glowing orange brains
  17 bog bodies
  14 swamp dragons
  7 spriggan druids
  A spark wasp zombie (Crypt:2)
  9 naga ritualists
  6 wizards
  Pikel (D:5)
  2 flayed ghosts
  An entropy weaver zombie (Crypt:1)
  24 necromancers
  14 deep elf archers
  18 phantasmal warriors
  22 orc knights
  9 lindwurms
  2 anaconda skeletons
  16 ironbound convokers
  A golden dragon skeleton (Crypt:3)
  36 ugly things
  An iron dragon zombie (Crypt:2)
  A stone giant zombie (Crypt:2)
  2 frost giant zombies (Crypt:3)
  25 deep elf zephyrmancers
  6 mana vipers
  3 wolf spiders
  5 oklob plants (Lair:4)
  32 deep elf pyromancers
  3 will-o-the-wisps
  3 manticores
  30 salamanders
  2 orc sorcerers (Depths:2)
  2 cyclopes (D:15)
  2 frost giant skeletons
  11 elephants
  A worldbinder (Abyss:2)
  A sphinx skeleton (Crypt:1)
  A stone giant skeleton (Crypt:3)
  29 black mambas
  A black mamba (shapeshifter) (Vaults:4)
  19 naga magi
  4 guardian serpents (Snake:4)
  A dire elephant zombie (Crypt:1)
  2 orange demons (Abyss:2)
  2 smoke demons
  3 fire giant skeletons
  4 gargoyles
  11 cane toads
  21 vault sentinels
  A dire elephant skeleton (Crypt:3)
  An unseen horror (D:12)
  A rime drake (Lair:6)
  A death yak zombie (Crypt:2)
  11 freezing wraiths
  2 torpor snails
  2 efreet (Abyss:2)
  4 tengu conjurers
  An alligator snapping turtle skeleton (Crypt:1)
  12 komodo dragons
  9 guardian mummies (Tomb:1)
  13 hellwings (Crypt:3)
  28 yaktaurs
  3 swamp worm zombies (Crypt:1)
  2 hydra zombies
  A red devil (Gauntlet)
  A white draconian skeleton (Crypt:2)
  A red draconian skeleton (Crypt:1)
  A yellow draconian skeleton (Crypt:2)
  2 bloated husks (Swamp:1)
  A harpy zombie (Crypt:3)
  2 meliai (shapeshifter)
  5 trolls
  10 hornets
  A queen bee (shapeshifter) (Depths:1)
  7 ancient zymes (Abyss:2)
  4 jumping spiders
  5 tyrant leeches
  2 polar bears (Lair:6)
  6 raiju (Abyss:2)
  12 large abominations
  A guardian serpent zombie (Crypt:2)
  2 spectral guardian serpents (Crypt:1)
  6 dream sheep (Lair:6)
  A spectral dream sheep (Gauntlet)
  18 slime creatures
  14 blink frogs
  An ettin zombie (Crypt:3)
  A fire dragon zombie (Crypt:3)
  3 ice dragon zombies (Crypt:3)
  5 air elementals
  7 flying skulls
  14 redbacks
  4 starcursed masses (Abyss:2)
  3 wyverns
  An ice dragon skeleton (Crypt:2)
  26 spriggans
  A shadow (Abyss:2)
  A water elemental (Elf:2)
  10 wraiths
  A yak (shapeshifter) (D:15)
  An ettin skeleton (Crypt:3)
  3 ushabtiu
  3 ynoxinuls (Abyss:2)
  A human (D:15)
  40 yaks
  3 hogs (D:15)
  A chaos spawn (Abyss:2)
  A steam dragon (D:10)
  21 vampire mosquitoes
  3 neqoxecs (Abyss:2)
  3 basilisks
  13 swamp worms
  Edmund (D:5)
  52 nagas
  8 wargs
  2 acid dragons
  2 cane toad zombies (Crypt:3)
  A glowing shapeshifter zombie (Crypt:2)
  2 floating eyes (Depths:2)
  26 water moccasins
  A faun skeleton (Crypt:1)
  56 orc warriors
  4 sky beasts
  24 wolves (Lair:6)
  2 necrophages
  4 ogres
  14 swamp drakes
  8 black bears
  6 boggarts
  2 ice beasts (D:7)
  A tengu (shapeshifter) (Vaults:5)
  2 deep troll simulacra (Depths:1)
  A swamp dragon skeleton (Crypt:3)
  12 small abominations (Abyss:2)
  13 centaurs
  2 lemures (D:5)
  3 kobold brigands
  A salamander zombie (Crypt:1)
  A palentonga zombie (Crypt:1)
  An elf zombie (Elf:3)
  A scorpion (D:5)
  16 bullfrogs
  A wyvern zombie (D:8)
  A glowing shapeshifter simulacrum (Depths:1)
  2 earth elementals (Elf:2)
  12 wyvern skeletons
  A troll skeleton (Crypt:1)
  4 electric eels (Lair:2)
  2 howler monkeys
  A vampire bat (D:4)
  4 wights
  7 crimson imps
  2 quasits (Abyss:2)
  6 centaur zombies
  A black bear zombie (Crypt:2)
  A centaur skeleton (D:5)
  3 hounds
  A human zombie (D:4)
  A jelly (D:6)
  24 orc priests
  A basilisk zombie (Crypt:2)
  3 iguanas
  24 orc wizards
  A hell rat (D:9)
  4 scorpion zombies
  2 killer bee zombies
  4 hound zombies
  A naga skeleton (Tomb:1)
  An ogre skeleton (Crypt:3)
  20 mummies
  2 howler monkey zombies (D:5)
  6 gnolls
  6 adders
  7 white imps
  A halfling zombie (Crypt:1)
  A worm (D:4)
  A worm (shapeshifter) (D:14)
  4 dart slugs
  6 fire bats
  112 orcs
  2 spectral bats (D:4)
  9 ball pythons
  3 bat skeletons (D:4)
  A bat zombie (D:4)
  6 endoplasms
  3 giant cockroaches
  14 goblins
  3 hobgoblins
  10 jackals
  13 kobolds
  3 quokkas
  18 bats
  A bat simulacrum (D:4)
  4 frilled lizards
  11 rats
  A lurking horror (Abyss:2)
  6 starspawn tentacles (Abyss:2)
2172 creatures vanquished.

Vanquished Creatures (collateral kills)
  4 sphinxes (Tomb:1)
  An iron dragon skeleton (Tomb:1)
5 creatures vanquished.

Vanquished Creatures (others)
  A deep elf blademaster (Elf:3)
  2 deep elf knights (Elf:2)
  A large abomination (Abyss:2)
  A phantasmal warrior (Crypt:1)
  A naga (Snake:4)
  A howler monkey (D:5)
  2 gnolls (D:5)
  2 orcs (Depths:2)
  5 demonic plants (Gauntlet)
  10 foxfires
  55 fungi
  54 plants
  5 starspawn tentacles (Abyss:2)
  20 withered plants
160 creatures vanquished.

Grand Total: 2337 creatures vanquished

Notes
Turn   | Place    | Note
-------+----------+-------------------------------------------
     0 | D:1      | robertstho the Minotaur Hunter began the quest for the Orb.
     0 | D:1      | Reached XP level 1. HP: 18/18 MP: 0/0
   102 | D:1      | Reached skill level 1 in Armour
   255 | D:1      | Reached XP level 2. HP: 25/25 MP: 1/1
  1074 | D:2      | Reached XP level 3. HP: 30/30 MP: 2/2
  1278 | D:2      | Reached skill level 5 in Bows
  1278 | D:2      | Reached XP level 4. HP: 14/38 MP: 3/3
  2319 | D:3      | Reached XP level 5. HP: 40/45 MP: 4/4
  2437 | D:3      | Found a faded altar of an unknown god.
  2714 | D:4      | Found a radiant altar of Vehumet.
  2787 | D:4      | Reached XP level 6. HP: 53/53 MP: 5/5
  3070 | D:4      | Noticed Duvessa
  3070 | D:4      | Noticed Dowan
  3170 | D:4      | Reached skill level 5 in Fighting
  3246 | D:4      | Reached XP level 7. HP: 60/61 MP: 6/6
  3259 | D:4      | Found a basalt altar of Yredelemnul.
  3740 | D:5      | Entered Level 5 of the Dungeon
  3740 | D:5      | Found a shimmering altar of Xom.
  3804 | D:5      | Found a broken altar of Ashenzari.
  3806 | D:5      | Reached skill level 5 in Armour
  3837 | D:5      | Reached XP level 8. HP: 70/71 MP: 7/7
  4024 | D:5      | Found a staircase to the Ecumenical Temple.
  4064 | Temple   | Entered the Ecumenical Temple
  4290 | Temple   | Became a worshipper of Warmaster Okawaru
  4334 | D:5      | Noticed Edmund
  4367 | D:5      | Killed Edmund
  4462 | D:5      | Reached skill level 1 in Invocations
  4551 | D:5      | Noticed Pikel
  4594 | D:5      | Killed Pikel
  4594 | D:5      | Reached * piety under Okawaru
  4642 | D:5      | Reached XP level 9. HP: 81/81 MP: 9/9
  4664 | D:5      | Found a sparkling altar of Nemelex Xobeh.
  4823 | D:6      | Identified the +5 ring mail of Pawaosch {Contam Will-
                  | Regen+ Str+6}
  4940 | D:6      | Found an opulent altar of Gozag.
  4940 | D:6      | Found a glowing silver altar of Zin.
  4994 | D:6      | Found a snail-covered altar of Cheibriados.
  5192 | D:6      | Noticed a boulder beetle
  5232 | D:6      | HP: 3/82 [boulder beetle (26)]
  5241 | D:6      | Gained mutation: You have a pair of large horns on your
                  | head. [potion of mutation]
  5241 | D:6      | Gained mutation: You sometimes lose the ability to read
                  | scrolls when taking damage. [potion of mutation]
  5241 | D:6      | Gained mutation: You expend magic power (3 MP) to
                  | strengthen your wands. [potion of mutation]
  5498 | D:6      | Found a shadowy altar of Dithmenos.
  5606 | D:6      | Identified the ring "Nefiod" {rElec rC+ Str+6 Int+6}
  5929 | D:7      | Reached ** piety under Okawaru
  5930 | D:7      | Reached skill level 10 in Bows
  6379 | D:7      | Reached skill level 1 in Stealth
  6779 | D:8      | Reached XP level 10. HP: 91/91 MP: 11/11
  7027 | D:8      | Noticed Erica
  7055 | D:8      | Killed Erica
  7055 | D:8      | Reached *** piety under Okawaru
  7794 | D:9      | Noticed a gargoyle
  7803 | D:9      | Killed a gargoyle
  7803 | D:9      | Received a gift from Okawaru
  7804 | D:9      | Reached skill level 10 in Fighting
  7847 | D:9      | Found a staircase to the Orcish Mines.
  8016 | D:9      | Reached **** piety under Okawaru
  8135 | D:9      | Received a gift from Okawaru
  8190 | D:9      | Reached skill level 5 in Invocations
  8221 | D:9      | Found Duqesch's Distillery.
  8229 | D:9      | Bought a potion of magic for 128 gold pieces
  8229 | D:9      | Bought a potion of ambrosia for 128 gold pieces
  8229 | D:9      | Bought a potion of curing for 48 gold pieces
  8229 | D:9      | Bought a potion of brilliance for 64 gold pieces
  8349 | D:9      | Noticed a death yak
  8353 | D:9      | Noticed a death yak
  8364 | D:9      | Noticed a death yak
  8366 | D:9      | Killed a death yak
  8366 | D:9      | Received a gift from Okawaru
  8376 | D:9      | Killed a death yak
  8384 | D:9      | Killed a death yak
  8385 | D:9      | Reached XP level 11. HP: 53/101 MP: 14/14
  8417 | D:9      | Found a staircase to the Lair.
  8748 | D:10     | Entered Level 10 of the Dungeon
  8892 | D:10     | Reached ***** piety under Okawaru
  9254 | D:10     | Found a blossoming altar of Fedhas.
  9479 | D:11     | Noticed a green ugly thing
  9492 | D:11     | Killed a green ugly thing
  9851 | D:11     | Noticed a boulder beetle
  9868 | D:11     | Killed a boulder beetle
 10005 | D:11     | Received a gift from Okawaru
 10043 | D:11     | Identified the +0 scale mail "Acofyap" {Int+4}
 10234 | D:11     | Identified the +8 whip "Onadom" {freeze, rN+}
 10502 | D:11     | Found a portal to a secret trove of treasure.
 11344 | D:12     | Noticed a boulder beetle
 11344 | D:12     | Noticed a boulder beetle
 11363 | D:12     | Killed a boulder beetle
 11363 | D:12     | Received a gift from Okawaru
 11375 | D:12     | Killed a boulder beetle
 11375 | D:12     | Received a gift from Okawaru
 11454 | D:12     | Noticed Nergalle
 11466 | D:12     | Killed Nergalle
 11507 | D:12     | Found a flagged portal.
 11521 | Bailey   | Entered a bailey
 11692 | Bailey   | Identified a scroll of acquirement
 11693 | Bailey   | Acquired the +6 longbow "Cienaazaa" {venom, rElec rF++
                  | Dex+6}
 11708 | Bailey   | Noticed an orc knight
 11708 | Bailey   | Noticed an orc knight
 11718 | Bailey   | Noticed an orc knight
 11719 | Bailey   | Killed an orc knight
 11720 | Bailey   | Reached skill level 10 in Armour
 11723 | Bailey   | Killed an orc knight
 11727 | Bailey   | Noticed an orc knight
 11730 | Bailey   | Killed an orc knight
 11731 | Bailey   | Reached XP level 12. HP: 58/113 MP: 16/16
 12147 | D:12     | Noticed a boulder beetle
 12154 | D:12     | Killed a boulder beetle
 12358 | D:12     | Received a gift from Okawaru
 12813 | D:12     | Noticed an eight-headed hydra
 12819 | D:12     | Killed an eight-headed hydra
 12941 | D:13     | Noticed an eight-headed hydra
 12945 | D:13     | Killed an eight-headed hydra
 13055 | D:13     | Noticed a centaur warrior
 13060 | D:13     | Killed a centaur warrior
 13060 | D:13     | Received a gift from Okawaru
 13196 | D:13     | Noticed a vault guard
 13196 | D:13     | Noticed a vault guard
 13196 | D:13     | Noticed a vault guard
 13197 | D:13     | Noticed a vault guard
 13197 | D:13     | Noticed a vault guard
 13200 | D:13     | Noticed a vault guard
 13202 | D:13     | Killed a vault guard
 13202 | D:13     | Reached ****** piety under Okawaru
 13202 | D:13     | Noticed a vault guard
 13204 | D:13     | Noticed a vault guard
 13207 | D:13     | Killed a vault guard
 13214 | D:13     | Killed a vault guard
 13216 | D:13     | Killed a vault guard
 13216 | D:13     | Received a gift from Okawaru
 13217 | D:13     | Reached XP level 13. HP: 64/123 MP: 18/18
 13257 | D:13     | Received a gift from Okawaru
 13258 | D:13     | Reached skill level 15 in Bows
 13353 | D:13     | Found a gate to the Vaults.
 13570 | D:13     | Received a gift from Okawaru
 13805 | D:14     | Received a gift from Okawaru
 13955 | D:14     | Received a gift from Okawaru
 14079 | D:14     | Received a gift from Okawaru
 14754 | Lair:1   | Entered Level 1 of the Lair of Beasts
 14866 | Lair:1   | You are sucked into a shaft and drop 1 floor!
 14967 | Lair:2   | Found a staircase to the Snake Pit.
 14994 | Lair:2   | Reached skill level 5 in Dodging
 15078 | Lair:2   | Reached skill level 15 in Fighting
 15121 | Lair:2   | Found a gate leading to a gauntlet.
 15128 | Gauntlet | Entered a Gauntlet
 15128 | Gauntlet | Found a transporter.
 15128 | Gauntlet | Found a transporter.
 15142 | Gauntlet | Found a transporter.
 15145 | Gauntlet | Found a transporter.
 15156 | Gauntlet | Found a transporter.
 15159 | Gauntlet | Found a transporter.
 15171 | Gauntlet | Found a transporter.
 15193 | Gauntlet | Noticed a balrug
 15194 | Gauntlet | Found a transporter.
 15217 | Gauntlet | Found a transporter.
 15220 | Gauntlet | Found a transporter.
 15236 | Gauntlet | Found a transporter.
 15238 | Gauntlet | Found a transporter.
 15376 | Gauntlet | Identified Leyd's Almanac of Dusty Venom
 15522 | Gauntlet | Identified the +2 cloak of Melancholy {Harm Drain Will-
                  | Int+8}
 15537 | Gauntlet | Noticed a minotaur
 15545 | Gauntlet | Killed a minotaur
 15564 | Gauntlet | Identified the amulet of Xonoicw {Spirit Rampage rF+
                  | Stlth+}
 15718 | Lair:2   | Found a staircase to the Swamp.
 15772 | Lair:2   | Reached XP level 14. HP: 134/135 MP: 19/19
 15824 | Lair:2   | Identified the +10 short sword "Yvonefo" {elec, rElec rC+}
 16488 | Lair:3   | Received a gift from Okawaru
 16838 | Lair:3   | Received a gift from Okawaru
 16908 | Lair:3   | Noticed Urug
 16913 | Lair:3   | Killed Urug
 17582 | Lair:4   | Identified the +6 leather armour "Muhed" {-Cast rN+ Str+7}
 17602 | Lair:4   | Received a gift from Okawaru
 17830 | Lair:4   | Reached skill level 10 in Invocations
 18029 | Lair:4   | Acquired the amulet of Yna Edeb {Spirit rF+ Int+4 Dex+2}
 18502 | Lair:5   | Found a staircase to the Slime Pits.
 18780 | Lair:5   | Found a runed translucent door.
 18781 | Lair:5   | Noticed Devyomi's ghost (journeyman GrBe)
 19307 | Lair:5   | Killed Devyomi's ghost
 19379 | Lair:6   | Entered Level 6 of the Lair of Beasts
 19444 | Lair:6   | Received a gift from Okawaru
 19445 | Lair:6   | Reached XP level 15. HP: 141/145 MP: 18/21
 19465 | Lair:6   | Received a gift from Okawaru
 19500 | Lair:6   | Received a gift from Okawaru
 20750 | Lair:6   | Acquired a manual of Bows
 20751 | Lair:6   | Acquired 785 gold pieces
 20924 | Orc:1    | Entered Level 1 of the Orcish Mines
 20924 | Orc:1    | Noticed an orc warlord
 20944 | Orc:1    | Killed an orc warlord
 21217 | Orc:2    | Entered Level 2 of the Orcish Mines
 21217 | Orc:2    | Noticed Erolcha
 21383 | Orc:2    | Received a gift from Okawaru
 21419 | Orc:2    | Found Foisane's Book Shoppe.
 21419 | Orc:2    | Found Lodiel's Antique Weapon Boutique.
 21533 | Orc:2    | Found Isokiur's Antique Weapon Boutique.
 21612 | Orc:2    | Found Gariw's Assorted Antiques.
 21674 | Orc:2    | Killed Erolcha
 21908 | Orc:2    | Found a staircase to the Elven Halls.
 22453 | Orc:2    | Bought a glowing triple sword for 364 gold pieces
 22646 | D:15     | Entered Level 15 of the Dungeon
 22737 | D:15     | Noticed Louise
 22739 | D:15     | Cast into level 2 of the Abyss (Louise)
 22893 | Abyss:2  | Noticed a tentacled starspawn
 22902 | Abyss:2  | Killed a tentacled starspawn
 22903 | Abyss:2  | Reached XP level 16. HP: 139/155 MP: 23/23
 22931 | Abyss:2  | Noticed a tentacled starspawn
 22940 | Abyss:2  | Killed a tentacled starspawn
 23017 | Abyss:2  | Noticed a tentacled starspawn
 23028 | Abyss:2  | Killed a tentacled starspawn
 23143 | Abyss:2  | Received a gift from Okawaru
 23299 | Abyss:2  | Noticed a tentacled starspawn
 23340 | Abyss:2  | Killed a tentacled starspawn
 23340 | Abyss:2  | Received a gift from Okawaru
 23469 | D:15     | Escaped the Abyss
 23479 | D:15     | Killed Louise
 23729 | D:15     | Noticed Kirke
 23737 | D:15     | Killed Kirke
 23918 | D:15     | Noticed Rupert
 23925 | D:15     | Killed Rupert
 23982 | D:15     | Found a staircase to the Depths.
 24136 | D:15     | Found a sparkling altar of Nemelex Xobeh.
 24430 | Elf:1    | Entered Level 1 of the Elven Halls
 24571 | Elf:1    | Noticed Donald
 24580 | Elf:1    | Killed Donald
 24850 | Elf:1    | Noticed an Executioner
 25015 | Elf:1    | Received a gift from Okawaru
 25083 | Elf:1    | Received a gift from Okawaru
 25148 | Elf:1    | Received a gift from Okawaru
 25163 | Elf:1    | Reached XP level 17. HP: 157/168 MP: 22/25
 25391 | Elf:1    | Received a gift from Okawaru
 25625 | Elf:1    | Identified the +7 dagger of the Vendetta {drain, Str+6}
 25626 | Elf:1    | Acquired the +8 shortbow of Tossor {flame, rF+++ rC- Str+9
                  | Stlth+}
 26156 | Elf:2    | Noticed Agnes
 26168 | Elf:2    | Killed Agnes
 26277 | Elf:2    | Received a gift from Okawaru
 26707 | Elf:2    | Identified the +4 kite shield of Sunlight {*Corrode +Inv
                  | rPois Stlth+}
 26934 | Elf:2    | Found a huge runed translucent gate.
 26934 | Elf:2    | Found a huge runed translucent gate.
 26940 | Elf:2    | Found a huge runed translucent gate.
 26941 | Elf:2    | Found a huge runed translucent gate.
 26946 | Elf:2    | Found a huge runed translucent gate.
 27808 | Elf:2    | Noticed a deep elf blademaster
 27818 | Elf:2    | Killed a deep elf blademaster
 27846 | Elf:2    | Reached skill level 15 in Armour
 28092 | Elf:3    | Entered Level 3 of the Elven Halls
 28198 | Elf:3    | Reached skill level 1 in Evocations
 28481 | Elf:3    | Found a magical portal.
 28846 | Elf:3    | Received a gift from Okawaru
 29047 | Elf:3    | Reached XP level 18. HP: 163/180 MP: 26/26
 29340 | Elf:3    | Identified Kikubaaqudgha's Tome of Darkness
 29627 | Elf:3    | Identified the +9 great sword of Moirchag {drain, Fragile
                  | rC++}
 29627 | Elf:3    | Identified the ring "Rim Nyf" {Fly rCorr Int+2 Dex-5}
 29630 | Elf:3    | Received a gift from Okawaru
 29639 | Elf:3    | Noticed a Brimstone Fiend
 29678 | Elf:3    | HP: 9/182 [deep elf blademaster/+0 short sword (6)]
 31142 | Elf:3    | Noticed a Tzitzimitl
 31142 | Elf:3    | Cast into level 2 of the Abyss (a deep elf demonologist)
 31147 | Abyss:2  | Identified the +1 mace "Zelal" {protect, Dex+3}
 31851 | Elf:3    | Escaped the Abyss
 31853 | Elf:3    | Reached skill level 1 in Long Blades
 31866 | Elf:3    | Identified the +9 broad axe "Getoanie" {vamp, Str+4 Dex-2}
 31868 | Elf:3    | Identified the +10 battleaxe of Honour {flame, Dex+2 SInv
                  | Stlth-}
 31875 | Elf:3    | Identified the +0 dagger "Ogrebane" {elec, rElec Dex+3}
 32578 | Swamp:1  | Entered Level 1 of the Swamp
 32904 | Swamp:1  | Found a runed translucent door.
 32917 | Swamp:1  | Noticed MeatMancer's ghost (adept HOMo)
 33438 | Swamp:1  | Killed MeatMancer's ghost
 33438 | Swamp:1  | Identified the +1 longbow "Lidutih" {freeze, Dex+3 SInv}
                  | (Okawaru gifted it to you on level 1 of the Swamp)
 33438 | Swamp:1  | Received a gift from Okawaru
 34529 | Swamp:2  | Identified the +6 flail of Bloody Death {drain, Fragile
                  | rPois rF++ Str+3}
 34674 | Swamp:3  | Noticed Nikola
 34690 | Swamp:3  | Killed Nikola
 34690 | Swamp:3  | Identified the +1 pair of gloves of the Armoured One
                  | {Int+2} (Okawaru gifted it to you on level 3 of the Swamp)
 34690 | Swamp:3  | Received a gift from Okawaru
 34691 | Swamp:3  | Reached XP level 19. HP: 176/191 MP: 25/27
 35027 | Swamp:3  | Identified the +2 chain mail "Igoc" {Harm rN+ Dex+5}
 35125 | Swamp:4  | Entered Level 4 of the Swamp
 35568 | Swamp:4  | Noticed the 27-headed Lernaean hydra
 35596 | Swamp:4  | Killed the 27-headed Lernaean hydra
 35662 | Swamp:4  | Got a decaying rune of Zot
 35987 | Swamp:4  | Received a gift from Okawaru
 36662 | Snake:1  | Entered Level 1 of the Snake Pit
 36808 | Snake:1  | Found Jycron's Antique Weapon Shoppe.
 36940 | Snake:1  | Found a radiant altar of Vehumet.
 37561 | Snake:2  | Identified the +1 robe of the Tormentor {rPois Dex+4}
                  | (Okawaru gifted it to you on level 2 of the Snake Pit)
 37561 | Snake:2  | Received a gift from Okawaru
 37892 | Snake:2  | Noticed Aizul
 37909 | Snake:2  | Killed Aizul
 39074 | Snake:3  | Reached XP level 20. HP: 198/204 MP: 27/29
 39894 | Snake:3  | Found a runed translucent gate.
 39894 | Snake:3  | Found a runed translucent gate.
 39896 | Snake:3  | Found a runed translucent gate.
 39896 | Snake:3  | Noticed GEC's ghost (adept DsNe)
 39920 | Snake:3  | Killed GEC's ghost
 40216 | Snake:4  | Entered Level 4 of the Snake Pit
 40649 | Snake:4  | Identified the +3 falchion "Demonbane" {antimagic, *Rage
                  | rF+ rN+}
 41092 | Snake:4  | Noticed Vashnia
 41508 | Snake:4  | Identified the +1 pair of gloves of Hide-and-Seek {rPois
                  | MP+9} (Okawaru gifted it to you on level 4 of the Snake
                  | Pit)
 41508 | Snake:4  | Received a gift from Okawaru
 42127 | Lair:5   | Lost mutation: You expend magic power (3 MP) to strengthen
                  | your wands. [potion of mutation]
 42127 | Lair:5   | Lost mutation: You sometimes lose the ability to read
                  | scrolls when taking damage. [potion of mutation]
 42127 | Lair:5   | Lost mutation: You have a pair of large horns on your head.
                  | [potion of mutation]
 42127 | Lair:5   | Gained mutation: You occasionally shout uncontrollably at
                  | your foes. [potion of mutation]
 42127 | Lair:5   | Gained mutation: Armour fits poorly on your strangely
                  | shaped body. [potion of mutation]
 42127 | Lair:5   | Gained mutation: You frequently scream uncontrollably at
                  | your foes. [potion of mutation]
 42127 | Lair:5   | Gained mutation: You are somewhat resistant to further
                  | mutation. [potion of mutation]
 42247 | Swamp:3  | Lost mutation: You frequently scream uncontrollably at your
                  | foes. [potion of mutation]
 42247 | Swamp:3  | Lost mutation: You are somewhat resistant to further
                  | mutation. [potion of mutation]
 42247 | Swamp:3  | Lost mutation: Armour fits poorly on your strangely shaped
                  | body. [potion of mutation]
 42247 | Swamp:3  | Gained mutation: Your mind is acute. (Int +2) [potion of
                  | mutation]
 42247 | Swamp:3  | Gained mutation: You are frail. (-10% HP) [potion of
                  | mutation]
 42247 | Swamp:3  | Gained mutation: Your system is resistant to poisons.
                  | (rPois) [potion of mutation]
 42656 | Snake:4  | Got a serpentine rune of Zot
 43340 | Vaults:1 | Entered Level 1 of the Vaults
 43340 | Vaults:1 | Found Qyn Gaff's Book Shop.
 43724 | Vaults:1 | Identified the +3 pair of gloves of the Iron Devil {Rampage
                  | rC+++ Will- Stlth+} (Okawaru gifted it to you on level 1 of
                  | the Vaults)
 43724 | Vaults:1 | Received a gift from Okawaru
 44554 | Vaults:1 | Reached XP level 21. HP: 102/193 MP: 22/30
 44848 | Vaults:1 | Paralysed by a sphinx for 3 turns
 46283 | Vaults:2 | Identified the +2 hat "Ciruumee" {Rampage} (Okawaru gifted
                  | it to you on level 2 of the Vaults)
 46283 | Vaults:2 | Received a gift from Okawaru
 46721 | Vaults:2 | Found a staircase to the Crypt.
 47505 | Vaults:3 | Found a flickering gateway to a bazaar.
 47510 | Bazaar   | Entered a bazaar
 47776 | Bazaar   | Found Irisynin's Weapon Boutique.
 47776 | Bazaar   | Found Ergheap's Weapon Shop.
 47835 | Bazaar   | Found Jiofaz's Armour Boutique.
 47835 | Bazaar   | Found Homal's Book Shop.
 48403 | Vaults:3 | Reached skill level 15 in Invocations
 48554 | Vaults:3 | Identified the +1 chain mail of Areos {-Cast rN+++ Regen+
                  | rCorr}
 49440 | Vaults:3 | Received a gift from Okawaru
 49806 | Vaults:4 | Identified the +2 ring mail of the Land of Plenty {Will+
                  | rCorr Int+3 Dex-2}
 49850 | Vaults:4 | Identified the +9 longbow of Okawaru's Pride {venom, rN+}
                  | (Okawaru gifted it to you on level 4 of the Vaults)
 49850 | Vaults:4 | Received a gift from Okawaru
 50419 | Vaults:4 | Reached XP level 22. HP: 205/205 MP: 32/32
 50804 | Vaults:4 | Paralysed by a great orb of eyes for 3 turns
 51197 | Vaults:4 | Received a gift from Okawaru
 51893 | Vaults:5 | Entered Level 5 of the Vaults
 52498 | Vaults:4 | Received a gift from Okawaru
 53176 | Vaults:5 | Noticed a dread lich
 53611 | Vaults:4 | Killed a dread lich
 53611 | Vaults:4 | Received a gift from Okawaru
 53782 | Vaults:5 | Received a gift from Okawaru
 55149 | Vaults:5 | Paralysed by a sphinx for 4 turns
 55649 | Vaults:5 | Reached skill level 27 in Fighting
 55649 | Vaults:5 | Received a gift from Okawaru
 56051 | Vaults:5 | Identified the Volume of Congealing Earth
 56073 | Vaults:5 | Acquired the ring of Sloth {rC+ Str+2}
 56119 | Vaults:5 | Identified the +0 scale mail of Inquiry {rF++}
 56171 | Vaults:5 | Received a gift from Okawaru
 56348 | Vaults:5 | Reached XP level 23. HP: 153/216 MP: 30/33
 56495 | Vaults:5 | Got a silver rune of Zot
 56544 | Vaults:5 | Received a gift from Okawaru
 56984 | Vaults:5 | Noticed an ancient lich
 57297 | Vaults:5 | Received a gift from Okawaru
 57617 | Vaults:5 | Killed an ancient lich
 57617 | Vaults:5 | Received a gift from Okawaru
 58295 | Vaults:5 | Identified the +0 plate armour of Insurance {rF+}
 58458 | Crypt:1  | Entered Level 1 of the Crypt
 58840 | Crypt:1  | Paralysed by a vampire knight for 5 turns
 59110 | Crypt:1  | Found an ancient bone altar of Kikubaaqudgha.
 59188 | Crypt:1  | Acquired 365 gold pieces
 59239 | Crypt:1  | Paralysed by a vampire knight for 5 turns
 59368 | Crypt:1  | Paralysed by a vampire knight for 6 turns
 59762 | Crypt:1  | Received a gift from Okawaru
 59926 | Crypt:1  | Noticed Jory
 59949 | Crypt:1  | Killed Jory
 60404 | Crypt:2  | Received a gift from Okawaru
 60656 | Crypt:2  | Received a gift from Okawaru
 60800 | Crypt:2  | Received a gift from Okawaru
 61194 | Crypt:2  | Reached XP level 24. HP: 224/224 MP: 34/34
 61250 | Crypt:2  | Found an ancient bone altar of Kikubaaqudgha.
 61547 | Crypt:3  | Entered Level 3 of the Crypt
 61701 | Crypt:3  | Received a gift from Okawaru
 61771 | Crypt:3  | Found an ancient bone altar of Kikubaaqudgha.
 62028 | Crypt:3  | Noticed a dread lich
 62028 | Crypt:3  | Noticed a dread lich
 62032 | Crypt:3  | Paralysed by a dread lich for 3 turns
 62039 | Crypt:3  | Paralysed by a dread lich for 4 turns
 62046 | Crypt:3  | Killed a dread lich
 62051 | Crypt:3  | Paralysed by a dread lich for 5 turns
 62060 | Crypt:3  | Killed a dread lich
 62060 | Crypt:3  | Received a gift from Okawaru
 62782 | Crypt:3  | Found a staircase to the Tomb.
 62969 | Crypt:3  | Identified the +8 rapier of the Dancing Dragonfly {vorpal,
                  | rF+} (Okawaru gifted it to you on level 3 of the Crypt)
 62969 | Crypt:3  | Received a gift from Okawaru
 63610 | Crypt:3  | Identified the Handbook of Supportive Flight
 63830 | Tomb:1   | Entered Level 1 of the Tomb of the Ancients
 64029 | Tomb:1   | Paralysed by a sphinx for 7 turns
 64055 | Tomb:1   | Paralysed by a sphinx for 2 turns
 64060 | Tomb:1   | Reached XP level 25. HP: 52/231 MP: 7/34
 64062 | Tomb:1   | Paralysed by a sphinx for 7 turns
 64071 | Tomb:1   | Identified the +0 crystal plate armour "Guywipp" {rCorr
                  | Dex+2} (Okawaru gifted it to you on level 1 of the Tomb of
                  | the Ancients)
 64071 | Tomb:1   | Received a gift from Okawaru
 64355 | Tomb:1   | Noticed a royal mummy
 64363 | Tomb:1   | Killed a royal mummy
 65123 | Tomb:1   | Gained mutation: You sometimes lose the ability to read
                  | scrolls when taking damage. [mutagenic glow]
 65134 | Tomb:1   | Gained mutation: Armour fits poorly on your strangely
                  | shaped body. [mutagenic glow]
 65161 | Tomb:1   | Gained mutation: You frequently scream uncontrollably at
                  | your foes. [mutagenic glow]
 65536 | Depths:1 | Entered Level 1 of the Depths
 65834 | Depths:1 | Found a stormy altar of Qazlal.
 66340 | Depths:1 | Reached XP level 26. HP: 239/239 MP: 34/34
 66440 | Depths:1 | Found a gateway to Hell.
 66603 | Depths:2 | Paralysed by a floating eye for 2 turns
 66989 | Depths:2 | Received a gift from Okawaru
 67006 | Depths:2 | Identified the ring of the Jackalope {Wiz rElec Will+}
 67021 | Depths:2 | Noticed Saint Roka
 67041 | Depths:2 | Killed Saint Roka
 67041 | Depths:2 | Received a gift from Okawaru
 67398 | Depths:2 | Found Vuuptyef's Antique Armour Shop.
 67405 | Depths:2 | Reached skill level 27 in Bows
 67485 | Depths:2 | Bought a pair of fine gloves for 361 gold pieces
 67485 | Depths:2 | Identified the +1 pair of gloves "Nozoenur" {+Inv Will+
                  | Str+3 Dex+3 Stlth+} (You bought it in a shop on level 2 of
                  | the Depths)
 67554 | Depths:2 | Identified the ring "Wyiwk" {rPois rF+ rC+++ Will+ Int+6}
 67570 | Depths:2 | Received a gift from Okawaru
 67680 | Depths:2 | Found a transporter.
 67853 | Depths:2 | Found a gateway to a ziggurat.
 67855 | Depths:2 | Received a gift from Okawaru
 67884 | Depths:2 | Found a transporter.
 67944 | Depths:2 | Identified the ring of Tomex {rElec rC- Will+ MP+9 Int+3}
 68071 | Depths:2 | Noticed Margery
 68072 | Depths:2 | Identified the +2 buckler of the Thinker {Str+4} (Okawaru
                  | gifted it to you on level 2 of the Depths)
 68072 | Depths:2 | Received a gift from Okawaru
 68088 | Depths:2 | Killed Margery
 68987 | Depths:2 | Found Xuhash's Armour Shoppe.
 69118 | Zig:1    | Entered Level 1 of a ziggurat
 69119 | Zig:1    | Noticed a royal mummy
 69138 | Zig:1    | Killed a royal mummy
 69502 | Zig:2    | Entered Level 2 of a ziggurat
 69544 | Zig:3    | Entered Level 3 of a ziggurat
 69548 | Zig:3    | Noticed an ancient lich
 69562 | Zig:3    | Killed from afar by an ancient champion

Illustrated notes

Levels and vault maps discovered:
D:1:      ncdulo_watergridlock, layout_basic
D:2:      layout_loops_ring, kennysheep_donut, grunt_ministairs_5
D:3:      layout_rooms, hellmonk_ecumenical_altar_heavens_door
D:4:      layout_basic, lemuel_mausoleum_altar_yredelemnul,
          nicolae_overflow_hidden_temple, goddamned_bats, uniq_duvessa
D:5:      layout_cave_pools, old_standard_altar, kennysheep_mini,
          xom_confusion_cloud, temple_pool_b, uniq_pikel, uniq_edmund
D:6:      layout_loops_corners, grunt_temple_overflow_gold_and_silver,
          overflow_temple_1_default, lemuel_doored_altar,
          overflow_temple_1_default, kb_rosetta
D:7:      layout_loops_corners
D:8:      layout_basic, uniq_erica
D:9:      layout_loops_corners, dpeg_lair_monsters, orc_0_dummy, serial_shops,
          nicolae_shop_waterfront, chequers_serial_rivers_large_a
D:10:     layout_irregular_city, kennysheep_little_box
D:11:     layout_grid_maze, enter_trove_3
D:12:     layout_irregular_city, lightli_bailey_entry_fortress,
          kennysheep_generic_room_15, uniq_nergalle
D:13:     layout_roguey, erik_vaults_2
D:14:     layout_cave_pods, nicolae_two_hexagons
D:15:     grunt_enter_depths_snipers, layout_irregular_city, minivault_19,
          nemelex_lonely_heart_becter, uniq_kirke, uniq_louise, uniq_rupert
Temple:   minmay_temple_curvy_loop
Lair:1:   layout_roguey, infiniplex_staircase_pool, serial_bayou_shore_a
Lair:2:   layout_gridlike, minmay_swamp_entry_eels,
          minmay_snake_entry_six_corridors, nicolae_volcano_entry_batcave,
          gauntlet_entry_generic, guppyfry_lair_drakes, lemuel_fruit_tree
Lair:3:   layout_hall_layers, grunt_megastairs_1, infiniplex_staircase_pool_2,
          serial_bayou_shore_b, uniq_urug
Lair:4:   layout_regular_city, minmay_lair_oklob_chamber, serial_bayou_shore_b
Lair:5:   layout_roguey, slime_dummy, ebering_ghost_inner_flame, minmay_holes,
          patterned_corridor, serial_bayou_shore_b
Lair:6:   minmay_lair_end_enchanted_forest, layout_gridlike,
          cheibrodos_lair_lostbears, grunt_megastairs_5
Swamp:1:  layout_falls_marsh, ebering_ghost_reflecting_pool,
          nicolae_swamp_trees_clearing
Swamp:2:  layout_basic_swamp, evilmike_swamp_ruin_house_1
Swamp:3:  layout_falls_marsh, evilmike_swamp_ruin_rubble_2, uniq_nikola
Swamp:4:  grunt_swamp_rune_castle, layout_basic_swamp, swamp_pool5,
          hangedman_swamp_dais
Snake:1:  layout_rooms, serial_shops, nicolae_shop_overgrown_old_shop,
          basic_altar
Snake:2:  layout_rooms, uniq_aizul
Snake:3:  layout_layer_cave, ebering_ghost_rock_garden,
          nicolae_snake_salamander_stairs, grunt_megastairs_4
Snake:4:  johnstein_snake_rune_scales, layout_cave_town, drop_trap
Orc:1:    layout_caves, basic_altar
Orc:2:    st_orc_town, layout_caves, nicolae_orc_tapped_out, uniq_erolcha
Elf:1:    layout_loops_corners, hangedman_elf_represent, uniq_donald
Elf:2:    layout_loops_cross, uniq_agnes
Elf:3:    elf_hall, layout_onion_city, mu_enter_wizlab_6, minmay_elf_necromancy
Vaults:1: v_alt_pattern_3, v_misc_25, hangedman_vaults_variations,
          nicolae_vaults_quartermaster, ontoclasm_vaults_shuriken,
          vaults_dpeg_encased_lava, v_rooms_5, v_pattern_3, vaults_room_corners,
          layout_vaults_quadrants, serial_shops, shop
Vaults:2: minmay_crypt_entry_simple_plaza, hangedman_vaults_stagger,
          nicolae_vaults_theta, v_misc_24, v_alt_pattern_6,
          vaults_room_hangedman_quadrants, vaults_room_fancy_cross,
          layout_vaults_chaotic_city
Vaults:3: v_rooms_2, nicolae_vaults_specimen_jars,
          nicolae_vaults_little_squares_1, nicolae_vaults_three_branches,
          special_room_vaults [special_room_orc], grunt_vaults_hallway_long,
          v_misc_11, nicolae_vaults_network_quincunx
          [nicolae_vaults_network_quincunx_subvault,
          nicolae_vaults_network_quincunx_subvault,
          nicolae_vaults_network_quincunx_subvault,
          nicolae_vaults_network_quincunx_subvault,
          nicolae_vaults_network_quincunx_subvault],
          nicolae_vaults_network_star, hangedman_vaults_river_flow,
          vaults_room_grid, vaults_dpeg_diagonal, layout_vaults_omnibox,
          serial_shops, bzr_entry_road
Vaults:4: nicolae_vaults_little_squares_3, ontoclasm_vaults_misaligned,
          ontoclasm_vaults_claustrophobia, v_misc_8, nicolae_vaults_meeting,
          nicolae_vaults_diagonal_hallway_7, nicolae_vaults_asterisk,
          grunt_vaults_twisty, v_rooms_3, nicolae_vaults_ninety_degrees,
          v_misc_24, vaults_room_corners, nicolae_vaults_diagonal_hallway_6,
          layout_vaults_omnicross
Vaults:5
Crypt:1:  cheibrodos_crypt_down_in_the_bonehoard, layout_chaotic_city,
          lemuel_dead_fish_pool, st_stairs_7, nrook_guardian_serpent_ordinary,
          uniq_jory
Crypt:2:  layout_chaotic_city, basic_altar
Crypt:3:  evilmike_haunted_forest
Tomb:1
Depths:1: layout_gridlike, hell_entry, nicolae_qazlal_style_of_elements
Depths:2: hangedman_spin_cycle, hell_entry
Zig:3

Skill      XL: |  1  2  3  4  5  6  7  8  9 10 11 12 13 14 15 16 17 18 19 20 21 22 23 24 25 26 |
---------------+-------------------------------------------------------------------------------+-----
Armour         | 1 2 3 4 5 6 7 9 10 11 12 13 14 15 17 18 19 20 21 22 23 24 | 24.5
Fighting       | 3 4 5 6 7 9 10 12 13 15 16 17 19 20 21 23 24 26 27 | 27.0
Bows           | 5 6 7 9 11 12 13 14 16 17 19 20 21 22 23 24 25 26 27 | 27.0
Invocations    | 2 3 5 6 8 9 10 11 12 13 14 15 16 17 18 | 18.3
Dodging        | 3 4 5 6 7 8 9 |  9.2
Stealth        | 1 2 3 4 |  4.1
Evocations     | 1 |  1.8
Long Blades    | 1 2 |  2.4

Action                   |  1- 3 |  4- 6 |  7- 9 | 10-12 | 13-15 | 16-18 | 19-21 | 22-24 | 25-27 || total
-------------------------+-------+-------+-------+-------+-------+-------+-------+-------+-------++-------
Melee: Great sword       |       |       |     3 |       |       |       |       |       |       ||     3
       Shortbow          |       |       |     2 |     2 |       |     1 |       |       |       ||     5
       Headbutt          |       |       |     1 |       |     3 |    13 |       |     7 |       ||    24
       Short sword       |       |       |       |       |     4 |       |       |       |       ||     4
       Triple sword      |       |       |       |       |       |    19 |       |     8 |       ||    27
       Longbow           |       |       |       |       |       |     3 |       |       |       ||     3
 Fire: Shortbow          |    52 |   200 |   455 |   403 |       |    55 |       |       |       ||  1165
       Longbow           |       |       |       |   180 |  1120 |  1221 |  1849 |  1728 |   729 ||  6827
Invok: Heroism           |       |       |     1 |     8 |     6 |     3 |     4 |     6 |       ||    28
       Finesse           |       |       |       |       |       |     2 |     4 |     2 |       ||     8
Evoke: Wand              |       |       |       |     2 |       |     2 |       |       |       ||     4
       Tin of tremorston |       |       |       |       |       |     2 |       |       |       ||     2
       Box of beasts     |       |       |       |       |       |     1 |       |       |       ||     1
       Condenser vane    |       |       |       |       |       |       |     1 |       |     1 ||     2
  Use: Scroll            |       |     5 |     8 |    10 |     8 |     3 |     2 |     9 |     7 ||    52
       Potion            |       |     2 |     8 |     1 |     4 |    10 |     7 |     7 |     2 ||    41
Armor: Leather armour    |     2 |       |       |       |       |       |       |       |       ||     2
       Ring mail         |     4 |     7 |    30 |   107 |   136 |    26 |       |       |       ||   310
       Scale mail        |       |    10 |       |       |       |       |       |       |       ||    10
       Chain mail        |       |    27 |   120 |       |       |    30 |   104 |   299 |     9 ||   589
       Plate armour      |       |       |       |       |       |   138 |   151 |   188 |   128 ||   605
Dodge: Dodged            |     9 |    45 |   103 |   156 |   310 |   265 |   437 |   484 |   161 ||  1970
       Repelled          |       |       |       |       |     4 |    23 |    35 |    15 |     3 ||    80
       Rpst.: Triple sword |       |       |       |       |       |     4 |       |       |       ||     4

Table legend: (Time is in decaauts)
 A = Elapsed time spent in this place.
 B = Non-inter-level travel time spent in this place.
 C = Inter-level travel time spent in this place.
 D = Time resting spent in this place.
 E = Time spent auto-exploring this place.
 F = Levels seen in this place.
 G = Mean time per level.
                   A        B        C        D        E       F      G
               +--------+--------+--------+--------+--------+-----+--------+
         Total |  67720 |  63507 |   4213 |   5900 |  45870 |  54 | 1254.1 |
       Dungeon |  15419 |  13798 |   1621 |     62 |  11329 |  15 | 1027.9 |
        Temple |    237 |    197 |     40 |      0 |    196 |   1 |  237.0 |
          Lair |   5757 |   5197 |    560 |     69 |   4058 |   6 |  959.5 |
         Swamp |   4001 |   3767 |    234 |    343 |   2777 |   4 | 1000.2 |
     Snake Pit |   5992 |   5595 |    397 |    410 |   4213 |   4 | 1498.0 |
  Orcish Mines |   1541 |   1373 |    168 |      0 |    965 |   2 |  770.5 |
   Elven Halls |   7189 |   6998 |    191 |   1495 |   4293 |   3 | 2396.3 |
        Vaults |  14375 |  13828 |    547 |   2516 |   9405 |   5 | 2875.0 |
         Crypt |   5253 |   4919 |    334 |     69 |   3652 |   3 | 1751.0 |
          Tomb |   1398 |   1376 |     22 |    315 |    795 |   1 | 1398.0 |
        Depths |   3404 |   3310 |     94 |    268 |   2341 |   2 | 1702.0 |
         Abyss |   1360 |   1360 |      0 |      0 |    946 |   2 |  680.0 |
      Ziggurat |    432 |    432 |      0 |    341 |     22 |   3 |  144.0 |
        Bazaar |    436 |    436 |      0 |      0 |    354 |   1 |  436.0 |
        Bailey |    398 |    398 |      0 |     10 |    165 |   1 |  398.0 |
      Gauntlet |    522 |    522 |      0 |      0 |    358 |   1 |  522.0 |
               +--------+--------+--------+--------+--------+-----+--------+

Top non-repeatable levels by time:
Vaults:4: 5708 daAuts
   Elf:2: 3416 daAuts
Vaults:5: 2892 daAuts
   Elf:3: 2475 daAuts
Depths:2: 2422 daAuts
 Snake:3: 2378 daAuts
Vaults:1: 2368 daAuts
 Crypt:3: 2284 daAuts
 Snake:4: 2056 daAuts
    D:11: 1901 daAuts
 Crypt:1: 1836 daAuts
Vaults:3: 1735 daAuts
Vaults:2: 1670 daAuts
  Tomb:1: 1398 daAuts
 Swamp:4: 1387 daAuts
